 Dungeon Crawl Stone Soup version 0.20.1-1-g8b1a95d (console) character file.

145 hilaritas the Skirmisher (level 5, 0/42 HPs)
             Began as a Demonspawn Abyssal Knight on Feb 16, 2018.
             Was a Believer of Lugonu.
             Killed by nerve-wracking pain
             ... invoked by an orc priest
              (5 damage)
             ... on level 3 of the Dungeon.
             The game lasted 00:05:39 (2909 turns).

hilaritas the Skirmisher (DsAK)                     Turns: 2909, Time: 00:05:39

Health: 0/42       AC: 12    Str: 13    XL:     5   Next: 6%
Magic:  7/7        EV: 10    Int: 14    God:    Lugonu [**....]
Gold:   151        SH:  0    Dex: 12    Spells: 3/4 levels left

rFire    + . .     SeeInvis .   a - +2 falchion
rCold    + . .     Gourm    .   (no shield)
rNeg     . . .     Faith    .   k - +0 ring mail
rPois    .         Spirit   .   d - +0 helmet
rElec    .         Reflect  .   m - scarf {rC+ rF+}
rCorr    .         Harm     .   (no gloves)
MR       .....                  i - +2 pair of boots
Stlth    +.........             (no amulet)
Regen    0.2/turn               p - +3 ring of protection
MPRegen  0.1/turn               (no ring)

@: no status effects
A: hooves 2, spiny 1
a: Depart the Abyss, Bend Space, Renounce Religion


You were on level 3 of the Dungeon.
You worshipped Lugonu.
Lugonu was pleased with you.
You were not hungry.

You visited 1 branch of the dungeon, and saw 3 of its levels.
You visited the Abyss 1 time.

You collected 151 gold pieces.

Inventory:

Hand Weapons
 a - a +2 falchion (weapon)
 e - a +0 short sword
Armour
 d - a +0 helmet (worn)
 i - a +2 pair of boots (worn)
 k - a +0 ring mail (worn)
 m - a scarf of resistance (worn)
Jewellery
 p - a +3 ring of protection (left hand)
Scrolls
 b - a scroll of identify
 h - 3 scrolls of teleportation
 l - a scroll of remove curse
Potions
 f - 2 potions of curing
 g - 3 potions of might
 j - a potion of berserk rage
 o - a potion of lignification
Books
 q - a book of Maledictions

   Spells                             Type                      Level
   a - Corona                         Hexes                        1
   b - Ensorcelled Hibernation        Hexes/Ice                    2
   c - Confuse                        Hexes                        3
   d - Tukima's Dance                 Hexes                        3
   e - Dazzling Spray                 Conjuration/Hexes            3
Comestibles
 c - 5 bread rations
 r - a meat ration


   Skills:
 + Level 4.2 Fighting
 * Level 3.3 Long Blades
 - Level 1.7 Armour
 - Level 0.8 Dodging
 * Level 3.8 Invocations


You had 3 spell levels left.
You knew the following spells:

 Your Spells              Type           Power        Failure   Level  Hunger
a - Corona                Hex            #......      52%         1    ##.....


Dungeon Overview and Level Annotations

Branches:
Dungeon (3/15)

Altars:
Trog


Innate Abilities, Weirdness & Mutations

You have hoof-like feet.
You are partially covered in sharp spines.


Message History

The orc priest is heavily wounded.
The orc priest mumbles some strange prayers to Beogh against you.
Beogh smites you!
The orc priest hits you but does no damage.
You slash the orc priest!
The orc priest is almost dead.
The orc priest mumbles some strange prayers to Beogh against you.
Beogh smites you!
The orc priest invokes the aid of Beogh against you.
Beogh smites you!
* * * LOW HITPOINT WARNING * * *
You hit the orc priest.
You kill the orc priest!
Lugonu accepts your kill.
You have reached level 5!
Your demonic ancestry asserts itself...
Your feet thicken and deform.
The orc priest invokes the aid of Beogh against you.
Pain shoots through your body!
You die...

### #.# #### # #.#.####
#... #.###.###.# #.#.##
#.## .....o)@.##
##...####.##
#.###.###.###..#........
# ##.#..###.###...
##....#.## #### ###...#
# ##.## # #.# ### #.#
#.. +# #.# #.# #.#


You could see an orc priest.

Vanquished Creatures
  An orc priest (D:3)
  Terence (D:2)
  4 adders (D:2)
  2 worms
  4 orcs
  6 bats
  3 giant cockroaches
  5 goblins
  6 hobgoblins
  3 jackals (D:2)
  3 kobolds
  A quokka (D:2)
  6 frilled lizards
  5 rats
50 creatures vanquished.

Notes
Turn   | Place    | Note
-------+----------+-------------------------------------------
     0 | Abyss:1  | hilaritas the Demonspawn Abyssal Knight began the quest for the Orb.
     0 | Abyss:1  | Reached XP level 1. HP: 18/18 MP: 2/2
    34 | D:1      | Escaped the Abyss
   419 | D:1      | Gained mutation: You are partially covered in sharp spines. [demonic ancestry]
   419 | D:1      | Reached XP level 2. HP: 24/24 MP: 4/4
  1281 | D:2      | Reached XP level 3. HP: 29/29 MP: 5/5
  1640 | D:2      | Found a bloodstained altar of Trog.
  1701 | D:2      | Reached ** piety under Lugonu
  1832 | D:2      | Gained mutation: You have large cloven feet. [demonic ancestry]
  1832 | D:2      | Reached XP level 4. HP: 37/37 MP: 6/6
  1982 | D:2      | Noticed Terence
  1989 | D:2      | Killed Terence
  1989 | D:2      | Reached skill level 4 in Fighting
  2726 | D:3      | Learned a level 1 spell: Corona
  2909 | D:3      | Gained mutation: You have hoof-like feet. [demonic ancestry]
  2909 | D:3      | Reached XP level 5. HP: 5/42 MP: 7/7
  2909 | D:3      | Killed from afar by an orc priest

Skill      XL: |  1  2  3  4 |
---------------+-------------+-----
Long Blades    | 2 3 |  3.3
Invocations    | 3 |  3.8
Fighting       | 4 |  4.2
Armour         | |  1.7
Dodging        | |  0.8

Action                   |  1- 3 |  4- 6 || total
-------------------------+-------+-------++-------
Melee: Falchion          |    73 |    42 ||   115
  Use: Scroll            |     8 |     3 ||    11
  Eat: Chunk             |     3 |     3 ||     6
Armor: Leather armour    |    27 |     4 ||    31
       Ring mail         |       |    14 ||    14
Dodge: Dodged            |    34 |    14 ||    48
       Rpst.: Falchion   |    16 |     5 ||    21
